 Dungeon Crawl Stone Soup version 0.27.0-66-gdc8fb28755 (webtiles) character file.

Game seed: 6199409856204790545

7 SkeletonJelly the Slasher (level 1, -1/19 HPs)
             Began as a Draconian Monk on Aug 20, 2021.
             Engulfed by a cloud of flame (20 damage)
             ... on level 1 of the Dungeon.
             The game lasted 00:00:22 (269 turns).

SkeletonJelly the Slasher (Draconian Monk)           Turns: 269, Time: 00:00:23

Health: -1/19      AC:  5    Str: 13    XL:     1   Next: 91%
Magic:  10/10      EV: 12    Int: 10    God:
Gold:   0          SH:  0    Dex: 13    Spells: 0/0 levels left

rFire    . . .     SeeInvis .   a - +0 falchion
rCold    . . .     Faith    .   (no shield)
rNeg     . . .     Spirit   .   (armour unavailable)
rPois    .         Reflect  .   (helmet restricted)
rElec    .         Harm     .   (no cloak)
rCorr    .         Rampage  .   d - +0 pair of gloves
Will     .....                  (no boots)
Stlth    ++........             (no amulet)
HPRegen  0.06/turn              f - ring of magical power
MPRegen  0.12/turn              (no ring)

@: no status effects
A: AC +4, unfitting armour, cold-blooded
a: no special abilities


You were on level 1 of the Dungeon.
You visited 1 branch of the dungeon, and saw 1 of its levels.

Inventory:

Hand Weapons
 a - a +0 falchion (weapon)
Armour
 d - a +0 pair of gloves (worn)
Jewellery
 f - a ring of magical power (left hand)
Scrolls
 b - a scroll of enchant armour {unknown}
 e - a scroll of identify {unknown}
Potions
 c - 2 potions of invisibility {unknown}
 g - a potion of curing {unknown}


   Skills:
 - Level 3.2 Fighting
 + Level 3.5 Long Blades
 - Level 2.6 Dodging
 - Level 1.7 Stealth


You couldn't memorise any spells.
You didn't know any spells.
Your spell library was empty.

Dungeon Overview and Level Annotations

Branches:
Dungeon (1/15)

Altars:


Innate Abilities, Weirdness & Mutations

Your plain brown scales are hard. (AC +4)
You cannot fit into any form of body armour.
You are cold-blooded and may be slowed by cold attacks.


Message History

The bosom of this dungeon contains the fabulous artefact, the Orb of Zot.
Press ? for a list of commands and other information.
Found a staircase leading out of the dungeon.
You open the door.
There is an open door here.
You open the large door.
Found a spear.
There is a large open door here.
b - a scroll labelled YHALAIM BAVAIM
c - 2 sapphire potions
d - a +0 pair of gloves
e - a scroll labelled TUOKUFOCUT Key pressed, stopping explore.
f - a ring of magical power You feel your magic capacity increase.
f - a ring of magical power (left hand)
You start putting on your armour.
You continue putting on your +0 pair of gloves. x4
You finish putting on your +0 pair of gloves.
Magic restored. 3 kobolds come into view.
The kobold shouts!
You hear a shout!
The kobold throws a stone.
The stone hits you but does no damage.
The kobold shouts!
Found two frilled lizard skeletons and a rat skeleton. 2 kobolds come into view.
The kobold shouts!
The kobold throws a stone.
The stone barely misses you.
The kobold shouts!
Found a rat skeleton, a metallic grey potion and a frilled lizard skeleton.
You hear an angry hiss.
You barely miss the kobold.
Your tail-slap misses the kobold.
The kobold barely misses you.
You riposte.
You closely miss the kobold. You tail-slap the kobold.
You kill the kobold!
The kobold throws a stone.
The stone barely misses you.
The kobold throws a stone.
The stone hits you but does no damage. The kobold hits you with a +0 dagger.
You hit the kobold.
You kill the kobold!
The kobold throws a stone.
The stone closely misses you.
You hit the kobold.
You kill the kobold!
The kobold barely misses you. The kobold hits you but does no damage.
You hit the kobold but do no damage.
You tail-slap the kobold, but do no damage.
The kobold hits you but does no damage. The kobold barely misses you.
The kobold hits you with a +0 dagger.
You hit the kobold.
You kill the kobold!
The kobold closely misses you.
You hit the kobold.
You kill the kobold!
No target in view!
No target in view!
No target in view!
No target in view!
No target in view!
A frilled lizard comes into view.
A frilled lizard is nearby!
A frilled lizard is nearby!
A frilled lizard is nearby!
A frilled lizard is nearby!
A frilled lizard is nearby!
Items here: ( )) ÷ †.
A rat comes into view.
The rat bites the bush but does no damage.
A frilled lizard comes into view.
You barely miss the frilled lizard.
A nearby plant withers and dies.
The frilled lizard barely misses you.
You riposte.
You closely miss the frilled lizard. You hit the frilled lizard.
You kill the frilled lizard!
A nearby plant withers and dies.
The frilled lizard misses you.
You closely miss the frilled lizard. The frilled lizard closely misses you.
You riposte.
You miss the frilled lizard. You miss the frilled lizard.
The frilled lizard bites you. The rat bites you but does no damage.
You slash the frilled lizard!
You kill the frilled lizard!
The rat barely misses you.
You hit the rat.
The rat is moderately wounded.
The rat bites you but does no damage.
You closely miss the rat.
The rat is moderately wounded.
The rat completely misses you.
You riposte.
You hit the rat.
You kill the rat!
No target in view!
No target in view!
No target in view!
No target in view!
No target in view!
HP restored.
g - a metallic grey potion Really walk into that cloud of flame?
Really walk into a travel-excluded area?
You are engulfed in blazing flames.
Ouch! That really hurt!
You die...

#########
#.......#
####.#####.#
♣PP#.P#P♣#.#
♣P#)))PP♣#.#
#♣P÷....P♣#.#
#P....§÷.♣#.#
#♣≈.†@...♣#.#####
#♣.......##.....#
#PP÷..†.P##.....#
#♣P#...##♣#.....#
♣PP###. #.....#
#....#P #.....#
♣PP....P #.....#
#♣P.... P#.....#
♣#.### ##.....#


There were no monsters in sight!

Vanquished Creatures
  2 frilled lizards (D:1)
  5 kobolds (D:1)
  A rat (D:1)
8 creatures vanquished.

Vanquished Creatures (others)
  7 plants (D:1)
7 creatures vanquished.

Grand Total: 15 creatures vanquished

Notes
Turn   | Place    | Note
-------+----------+-------------------------------------------
     0 | D:1      | SkeletonJelly the Draconian Monk began the quest for the
                  | Orb.
     0 | D:1      | Reached XP level 1. HP: 19/19 MP: 1/1
   269 | D:1      | Engulfed by a cloud of flame

Illustrated notes

Levels and vault maps discovered:
D:1:      dpeg_arrival_houses_and_road, layout_rooms, lexackson_kobold_supper

Action                   || total
-------------------------++-------
Melee: Falchion          ||    13
       Tailslap          ||     2
Armor: Skin              ||     6
Dodge: Dodged            ||    12
       Rpst.: Falchion   ||     4
